Map: Battle on the Boardwalk LE

Players

Guru

  • Race: Zerg Zerg
  • League: Grandmaster
  • Spawn Location: 11:00

Scarlett - Winner!

  • Race: Zerg Zerg
  • League: Diamond
  • Spawn Location: 1:00

Event: HomeStory Cup XVI

VOD

Have the link to the VOD?

Description

Time

  • Played on: Nov. 11, 2017, 1:45 p.m.
  • Length: 5:17

All games in this series

Show
View Real Time Build Order
Export as new Build Order

Guru Zerg 

Build Orders: Hatch First 

Get SALT Encoding   

  12  0:00  Drone  
  13  0:13  Overlord  
  13  0:18  Drone  
  14  0:31  Drone x2  
  14  0:35  Drone  
  17  0:52  Hatchery  
  17  0:55  Drone  
  17  1:08  Spawning Pool  
  17  1:10  Extractor  
  15  1:12  Drone  
  15  1:16  Drone  
  17  1:19  Drone  
  18  1:28  Drone  
  19  1:55  Zergling x4  
  21  2:01  Zergling x2  
  21  2:04  Queen  
  21  2:05  Zergling x2  
  27  2:15  Zergling x2  
  28  2:21  Metabolic Boost  
  26  2:25  Overlord  
  25  2:49  Zergling x2  
  25  2:50  Zergling x4  
  25  2:52  Hatchery  
  24  2:59  Evolution Chamber  
  23  3:12  Drone x2  
  25  3:22  Overlord  
  25  3:25  Overlord  
  25  3:35  Overlord  
  25  3:42  Zergling x4  
  27  3:51  Zergling x2  
  27  3:53  Zergling x4  
  27  3:55  Zergling x2  
  31  4:05  Queen  
  33  4:17  Zergling x4  
  33  4:21  Zergling x2  
  36  4:26  Drone  
  36  4:29  Drone  
  38  4:32  Zergling x2  
  38  4:34  Zergling x2  
  38  4:38  Zergling x2  
  41  4:41  Zergling x2  
  42  4:45  Drone  
  42  4:51  Zergling x2  
  44  4:55  Drone  
  43  5:00  Drone  
Show
View Real Time Build Order
Export as new Build Order

Scarlett Zerg - Winner!

Build Orders: Pool First 

Get SALT Encoding   

  12  0:18  Spawning Pool  
  11  0:22  Drone  
  11  0:26  Drone  
  13  0:31  Drone  
  14  0:40  Overlord  
  14  1:04  Zergling x4  
  14  1:05  Zergling x2  
  17  1:15  Zergling x2  
  18  1:19  Hatchery  
  17  1:26  Zergling x2  
  18  1:34  Queen  
  18  1:39  Zergling x2  
  21  1:48  Drone  
  22  1:58  Overlord  
  22  2:16  Queen  
  24  2:23  Drone x2  
  26  2:30  Drone  
  26  2:31  Drone  
  26  2:32  Queen  
  28  2:45  Drone x2  
  28  2:50  Drone  
  29  2:53  Drone x2  
  29  2:58  Overlord  
  31  3:07  Drone  
  32  3:21  Extractor, Drone x4  
  32  3:23  Extractor, Queen  
  32  3:26  Drone  
  37  3:39  Evolution Chamber, Roach Warren  
  35  3:43  Drone  
  35  3:44  Drone x3  
  39  3:50  Drone x3  
  39  3:51  Queen  
  39  3:53  Overlord  
  44  3:55  Extractor  
  43  4:14  Drone x3  
  46  4:17  Extractor  
  46  4:24  Roach x3  
  51  4:25  Spine Crawler  
  51  4:30  Roach  
  51  4:31  Overlord  
  52  4:35  Spine Crawler  
  51  4:39  Evolution Chamber  
  51  4:42  Evolution Chamber  
  49  4:47  Roach  
  49  4:51  Roach  
Tags
 
Add a new tag
Caveats
  • Supply blocks, unpowered buildings, or Contaminate may cause inaccurate times.
  • Supply counts are checked every 10 seconds.